 BcadrenCrawl: Boulder Brew version 0.05.31-22-geda828027a (webtiles) character file.

Game seed: 14432512960928802410, levelgen mode: deterministic

28833 diana the Grappler (level 13, -4/92 HPs) Oozomorph Monk. Began on Oct 3, 2021. Was the Champion of Okawaru. Slain by a spiny frog (48 damage) ... on level 4 of the Lair of Beasts. The game lasted 00:23:37 (10306 turns).

diana the Grappler (Oozomorph Monk)                Turns: 10306, Time: 00:23:38

Health: -4/92      AC: 37    Str: 24    XL:     13 ^: 23274
Magic:  18/18      EV:  8    Int: 12    God:    Okawaru [6* [200]]
Gold:   777        SH:  0    Dex: 15    Spells: 12/12 levels left

rFire    . . .     Vision   .     - Unarmed
rCold    + . .     Gourm    .     - Unarmed
rNeg     . . .     Faith    .   M - +2 robe {soft}
rCorr    + + +     Spirit   .   a - +0 chain mail {rC+}
rPois    +         Reflect  .   C - +2 leather armour {rPois}
rElec    .         Harm     .   j - +2 pair of clawed gauntlets "Giantslayer" {antimagic, rPois Str+3}
MR       +....                  F - ring of protection
Stlth    ++........             L - amulet of regeneration
HPRegen  0.80/turn              f - ring of strength
MPRegen  0.28/turn              I - ring of protection

@: lethally poisoned (-4 -> -5), sleeping
A: cytoplasmic subsumption, amorphous body, gelatinous body 1
a: Subsume Item, Eject Item, Heroism, Finesse, Renounce Religion


You were on level 4 of the Lair of Beasts.
You worshipped Okawaru.
Okawaru was exalted by your worship.
You were hungry.

You visited 3 branches of the dungeon, and saw 11 of its levels.

You collected 777 gold pieces.

Inventory:

Weapons
 h - a +1 hatchet of pain
 x - a +2 dagger of venom
Armour
 a - a +0 chain mail of cold resistance (worn)
 j - the +2 antimagic pair of clawed gauntlets "Giantslayer" (worn) {antimagic, rPois Str+3}
   (You found it on level 1 of the Lair of Beasts)

   It affects your strength (+3).
   It protects you from poison.
 C - a +2 leather armour of poison resistance (worn)
 M - a +2 robe of softness (worn)
Jewellery
 f - a ring of strength (left hand)
 u - an uncursed ring of dexterity
 F - a ring of protection (subsumed)
 I - a ring of protection (right hand)
 J - an uncursed ring of protection from magic
 K - an uncursed amulet of the acrobat
 L - an amulet of regeneration (around neck)
Wands
 r - a wand of disintegration (1)
 y - a wand of acid (8)
 z - a wand of polymorph (15)
 B - a wand of ensnaring (1)
 P - a wand of hasting (5)
Scrolls
 e - 6 scrolls of magic mapping
 k - a scroll of blinking
 m - a scroll of holy word
 o - 4 scrolls of teleportation
 q - 2 scrolls of bless item
 v - 5 scrolls of enchantment
 A - 2 scrolls of summoning
 E - a scroll of fog
 H - 2 scrolls of fear
Potions
 c - 7 potions of brilliance
 d - a potion of haste
 g - a potion of might
 i - 3 potions of agility
 l - 8 potions of curing
 n - a potion of resistance
 p - 2 potions of heal wounds
 t - a potion of cancellation
 w - 3 potions of magic
 N - a potion of invisibility
 O - a potion of cure mutation
Comestibles
 b - 26 rations
 s - 3 chunks of flesh


   Skills:
 - Level 10.0 Fighting
 - Level 10.0 Armour
 - Level 10.0 Dodging
 - Level 2.4 Stealth
 * Level 12.0 Unarmed Combat
 - Level 7.2 Invocations


You had 12 spell levels left.
You didn't know any spells.
Your spell library contained the following spells:

 Spells                   Type           Power        Failure   Level  Hunger
 Shock Air 0 (25) 77% 1 40-60 Swiftness Chrm/Air 0 (100) 88% 2 80-120 Static Discharge Air 0 (100) 98% 3 120-180 Airstrike Air 0 (200) 100% 4 200-300 Lightning Bolt Air            0 (200)      100%        5    320-480


Dungeon Overview and Level Annotations

Branches:
Dungeon (6/8)              Temple (1/1) D:4            Lair (4/6) D:5
 Shoals (0/4) Lair:3        Snake (0/4) Lair:3
    Orc: D:6

Altars:
Ashenzari
Cheibriados
Dithmenos
Elyvilon
Fedhas Madash
Gozag Ym Sagoz
Hepliaklqana
Kikubaaqudgha
Makhleb
Nemelex Xobeh
Okawaru
Qazlal
Ru
Sif Muna
Trog
Uskayaw
Vehumet
Wu Jian
Yredelemnul
Zin
The Shining One

Shops:
D:3 ?


Innate Abilities, Weirdness & Mutations

You may subsume any weapon, armour, or jewellery into your cytoplasm to benefit from its magical properties.
Your body is completely amorphous, allowing you to wear any combination of armour.
You have seven amorphous slots; replacing the normal gear slots.
Body armours and bardings take two slots, all other armours take one.
Your gelatinous form is immune to acid, constriction and sticky flames. (rCorr+, Slime)


Message History

Unknown command.
You hit the spiny frog but do no damage.
You barely miss the spiny frog.
The spiny frog is heavily wounded. (20/42) HP The dream sheep bites you (2).
The dream sheep bites you but does no damage.
Unknown command.
You punch the spiny frog (11)!
You hit the spiny frog but do no damage.
The spiny frog is severely wounded. (9/42) HP The spiny frog hits you but does no damage.
You hit the spiny frog (6).
You hit the spiny frog but do no damage.
The spiny frog is almost dead. (3/42) HP The dream sheep bites you (4).
The dream sheep shake their wool and sparkle.
You feel drowsy...
You fall asleep.
The spiny frog hits you (48)!!!
Ouch! That really hurt!
You die...

#...#......#.......
######.....###..... ##
######.......†.##
###.###.######....####P
........##....>.#.#####
#..............###...
#P#..P.#P.....P####..
#....####....##.#..
##@#..#....†.......
......FYY.....^......#..
.......Y......#.........
......###...............
..#... ..........#.....
.....# #....#..........
##..# .......#.......
..P .............P
..P.P#


You could see a spiny frog and 3 dream sheep.

Vanquished Creatures
  2 boulder beetles
  A two-headed ogre (D:5)
  2 hydras
  Pikel (D:2)
  9 giraffes (Lair:3)
  3 black mambas (Lair:3)
  2 trolls (D:5)
  10 spiny frogs
  A rime drake (Lair:3)
  A merfolk (D:4)
  2 polar bears
  9 komodo dragons
  Prince Ribbit (D:3)
  8 blink frogs
  3 dream sheep (Lair:4)
  A hippogriff (D:5)
  10 yaks
  6 basilisks
  Eustachio (D:3)
  Menkaure (D:3)
  A hungry ghost (D:5)
  A phantom (D:4)
  2 guardian mummies (D:5)
  4 scorpions
  18 water moccasins
  3 orc warriors
  11 porcupines
  A sky beast (D:3)
  6 ogres
  An ice beast (D:4)
  10 crocodiles
  9 wolves
  3 big kobolds (D:2)
  17 bullfrogs
  Blork the orc (D:2)
  A howler monkey (D:5)
  2 quasits
  8 wights
  4 electric eels (Lair:3)
  A crimson imp (D:4)
  2 lava snakes (Lair:2)
  3 orc priests
  4 hounds
  8 jellies
  2 mummies (D:5)
  An iguana (Lair:3)
  4 orc wizards
  5 worker ants
  A wyvern zombie (D:4)
  6 wyvern skeletons
  6 giant cockroaches
  An iron imp (D:4)
  3 bullfrog zombies
  2 bullfrog skeletons (D:4)
  2 shadow imps (D:4)
  10 adders
  7 gnolls
  42 sewer rats
  10 cinder newts
  2 worms
  3 hound skeletons (D:5)
  A killer bee zombie (D:5)
  7 oozes
  A dart slug (D:3)
  9 leopard geckos
  18 orcs
  4 adder skeletons
  10 bats
  A cinder newt skeleton (D:2)
  3 goblins (D:1)
  2 hobgoblins (D:1)
  8 jackals
  12 kobolds
  2 quokkas
  4 ball pythons
  2 leopard gecko skeletons (D:5)
  7 rats (D:1)
  A rat skeleton (D:2)
  A butterfly (Lair:3)
  A giant blowfly (D:2)
  A withered plant (D:2)
397 creatures vanquished.

Vanquished Creatures (others)
  A bullfrog (D:2)
  A giant cockroach (D:2)
  4 sewer rats (D:2)
  A goblin skeleton (D:2)
  2 bushes (Lair:3)
  7 fungi
  12 plants
  3 slimeheads (D:2)
  76 withered plants (D:2)
107 creatures vanquished.

Grand Total: 504 creatures vanquished

Notes
Turn   | Place    | Note
-------+----------+-------------------------------------------
     0 | D:1      | diana the Oozomorph Monk began the quest for the Orb.
     0 | D:1      | Reached XP level 1. HP: 16/16 MP: 1/1
    47 | D:1      | Reached XP level 2. HP: 18/21 MP: 2/2
   191 | D:1      | Reached skill level 1 in Armour
   197 | D:1      | Reached XP level 3. HP: 27/27 MP: 3/3
   467 | D:1      | Reached XP level 4. HP: 33/33 MP: 4/4
   680 | D:2      | Noticed a big kobold
   864 | D:1      | Reached XP level 5. HP: 26/37 MP: 5/5
   954 | D:2      | Reached skill level 4 in Unarmed Combat
   970 | D:2      | Noticed a water moccasin
   991 | D:2      | Killed a water moccasin
   991 | D:2      | Reached XP level 6. HP: 40/44 MP: 6/6
  1072 | D:2      | Reached skill level 5 in Fighting
  1095 | D:2      | Reached XP level 7. HP: 26/50 MP: 7/7
  1178 | D:2      | Reached skill level 5 in Unarmed Combat
  1764 | D:2      | Reached skill level 6 in Unarmed Combat
  1854 | D:2      | Reached XP level 8. HP: 49/55 MP: 8/8
  1982 | D:2      | Noticed Blork the orc
  1988 | D:2      | Killed Blork the orc
  2134 | D:2      | Reached skill level 7 in Unarmed Combat
  2446 | D:2      | Noticed Pikel
  2459 | D:2      | Killed Pikel
  2459 | D:2      | Reached skill level 9 in Unarmed Combat
  3131 | D:3      | Noticed Eustachio
  3140 | D:3      | Killed Eustachio
  3140 | D:3      | Reached XP level 9. HP: 61/61 MP: 9/9
  3166 | D:3      | Reached skill level 10 in Unarmed Combat
  3221 | D:3      | Found Weroeq's Magic Scroll Shop.
  3226 | D:3      | Noticed Prince Ribbit
  3236 | D:3      | Killed Prince Ribbit
  3556 | D:3      | Noticed Menkaure
  3564 | D:3      | Killed Menkaure
  3564 | D:3      | Reached skill level 11 in Unarmed Combat
  4135 | D:4      | Found a staircase to the Ecumenical Temple.
  4356 | D:4      | Reached skill level 5 in Armour
  4497 | D:4      | Reached skill level 5 in Dodging
  4676 | D:4      | Noticed a merfolk
  4687 | D:4      | Killed a merfolk
  4687 | D:4      | Reached XP level 10. HP: 47/66 MP: 10/10
  5184 | Temple   | Entered the Ecumenical Temple
  5286 | Temple   | Became a worshipper of Warmaster Okawaru
  5286 | Temple   | Reached * piety under Okawaru
  5286 | Temple   | Received a gift from Okawaru
  5286 | Temple   | Reached ** piety under Okawaru
  5360 | D:5      | Entered Level 5 of the Dungeon
  5454 | D:5      | Received a gift from Okawaru
  5890 | D:5      | Identified the cursed ring "Vyczevi" {*Drain rElec rF++ rC+
                  | Stlth-, (Curse: *Slow Fragile)}
  5901 | D:5      | Reached *** piety under Okawaru
  6019 | D:5      | Noticed a two-headed ogre
  6070 | D:5      | Killed a two-headed ogre
  6167 | D:5      | Found a staircase to the Lair.
  6292 | D:5      | Reached **** piety under Okawaru
  6303 | D:5      | Received a gift from Okawaru
  6318 | D:5      | Reached XP level 11. HP: 39/77 MP: 11/11
  6490 | D:5      | Reached ***** piety under Okawaru
  6599 | Lair:1   | Entered Level 1 of the Lair of Beasts
  6735 | Lair:1   | Noticed a boulder beetle
  6743 | Lair:1   | Identified the +5 flail "Beastslayer" {venom, +Rage rPois
                  | Dex-5}
  6769 | Lair:1   | Killed a boulder beetle
  6769 | Lair:1   | Received a gift from Okawaru
  6958 | Lair:1   | Noticed a five-headed hydra
  6967 | Lair:1   | Killed a five-headed hydra
  6974 | Lair:1   | Identified the cursed +2 antimagic pair of clawed gauntlets
                  | "Giantslayer" {antimagic, rPois Str+3, (Curse: MR-)}
  7069 | Lair:1   | Reached ****** piety under Okawaru
  7509 | Lair:1   | Received a gift from Okawaru
  7713 | Lair:2   | Noticed a seven-headed hydra
  7723 | Lair:2   | Killed a seven-headed hydra
  7723 | Lair:2   | Reached skill level 1 in Invocations
  7820 | Lair:2   | Reached XP level 12. HP: 55/87 MP: 13/13
  8108 | Lair:2   | Reached skill level 10 in Fighting
  8357 | Lair:3   | Received a gift from Okawaru
  8591 | Lair:3   | Received a gift from Okawaru
  8698 | Lair:3   | Reached skill level 5 in Invocations
  8949 | Lair:3   | Found a staircase to the Shoals.
  9032 | Lair:3   | Reached skill level 10 in Armour
  9258 | Lair:3   | Found a staircase to the Snake Pit.
  9281 | Lair:3   | Received a gift from Okawaru
 10104 | Lair:4   | Reached XP level 13. HP: 86/92 MP: 18/18
 10137 | Lair:4   | Reached skill level 10 in Dodging
 10299 | Lair:4   | Reached skill level 12 in Unarmed Combat
 10306 | Lair:4   | Slain by a spiny frog

Levels and vault maps discovered:
D:1:      dpeg_arrival_court, layout_rooms, first_ration, minmay_vboxes
D:2:      layout_sewer, uniq_blork_the_orc, uniq_pikel
D:3:      layout_gridville, serial_shops, shop, uniq_prince_ribbit1,
          uniq_menkaure, uniq_eustachio
D:4:      layout_basic, minmay_temple_entry_glass, hangedman_fish_farm
D:5:      layout_rooms, grunt_lair_entry_orc_guard_hut,
          nicolae_ossuary_entry_false_entrances, palyth_stone_intersect
D:6:      layout_cross, orc_0_dummy, fake_guardian_serpent_vault, uniq_erolcha
Temple:   kilobyte_greek_temple
Lair:1:   layout_misc_corridors, infiniplex_staircase_pool_2
Lair:2:   layout_gridlike, serial_bayou_pond_d, minmay_holes
Lair:3:   beast_lair_carwin_large_2, layout_layer_cave,
          elwin_shoals_entry_rocks, minmay_snake_entry_six_corridors,
          lemuel_fruit_fields, infiniplex_staircase_pool
Lair:4:   layout_misc_corridors, chequers_serial_rivers_small_a

Skill      XL: |  1  2  3  4  5  6  7  8  9 10 11 12 13 |
---------------+----------------------------------------+-----
Armour         | 1 2 3 4 5 7 8 10 | 10.0
Fighting       | 4 5 7 9 10 | 10.0
Dodging        | 3 4 5 6 8 9 10 | 10.0
Unarmed Combat | 4 6 9 11 12 | 12.0
Invocations    | 2 6 7 |  7.2
Stealth        | |  2.4

Action                   |  1- 3 |  4- 6 |  7- 9 | 10-12 | 13-15 || total
-------------------------+-------+-------+-------+-------+-------++-------
Melee: Unarmed           |   138 |   355 |   956 |  1274 |    93 ||  2816
 Abil: Subsume Item      |       |       |     1 |     1 |       ||     2
  Use: Scroll            |       |       |       |     1 |       ||     1
       Potion            |       |       |       |     1 |       ||     1
 Stab: Sleeping          |     3 |       |    12 |     6 |     2 ||    23
       Distracted        |       |       |     2 |     5 |       ||     7
  Eat: Chunk             |       |       |    15 |    19 |     1 ||    35
Armor: Skin              |    20 |    92 |   285 |   499 |    36 ||   932
Dodge: Dodged            |    36 |    17 |    89 |    64 |     4 ||   210
